[Event "Titled Tuesday Blitz March 07 Late 2023"]
[White "Needleman, Gaston"]
[Black "Molenda, Marcin"]
[WhiteFideId "113735"]
[BlackFideId "1173065"]
[WhiteElo "2354"]
[BlackElo "2286"]
[Result "0-1"]
[Round "08"]
[TimeControl "180+2"]
[Date "2023.03.07"]
[WhiteClock "0:00:36"]
[BlackClock "0:01:16"]

1. e4 c5 2. d4 cxd4 3. Nf3 Nc6 4. Nxd4 e5 5. Nb5 d6 6. N1c3 a6 7. Na3 Nf6 8. Bg5 Be7 9. Bxf6 Bxf6 10. Nc4 Nd4 11. Bd3 O-O 12. Ne2 Nxe2 13. Qxe2 d5 14. exd5 Qxd5 15. O-O-O Qc5 16. h4 Be6 17. Kb1 Rac8 18. Ne3 e4 19. Bxe4 Qb4 20. c4 b5 21. a3 Qb3 22. Nd5 Bxd5 23. Bxd5 bxc4 24. Rh3 Qb5 25. g4 c3 26. Ka2 c2 27. Qxb5 cxd1=Q 28. Qxa6 Qxd5+ 0-1


[Site "https://www.chess.com"]

[Event "Titled Tuesday Blitz March 07 Late 2023"]
[White "Graif, William"]
[Black "Barash, Anton"]
[WhiteFideId "2609835"]
[BlackFideId "30935229"]
[WhiteElo "2205"]
[BlackElo "2317"]
[Result "1-0"]
[Round "08"]
[TimeControl "180+2"]
[Date "2023.03.07"]
[WhiteClock "0:00:26"]
[BlackClock "0:00:54"]

1. e4 e6 2. d4 d5 3. Be3 dxe4 4. f3 Nf6 5. Nd2 exf3 6. Ngxf3 Nd5 7. Bg5 Be7 8. Bxe7 Qxe7 9. Qe2 b6 10. c4 Nb4 11. Qe4 c6 12. a3 N4a6 13. Bd3 Bb7 14. Qg4 Nd7 15. O-O O-O-O 16. b4 Nf6 17. Qg3 c5 18. bxc5 bxc5 19. Rab1 cxd4 20. c5 Rhg8 21. c6 Bxc6 22. Bxa6+ Kd7 23. Ne5+ 1-0


[Site "https://www.chess.com"]

[Event "Titled Tuesday Blitz March 07 Late 2023"]
[White "Kalajzic, Ivan"]
[Black "Romero Ruscalleda, Josep"]
[WhiteFideId "14506378"]
[BlackFideId "2231859"]
[WhiteElo "2203"]
[BlackElo "2183"]
[Result "0-1"]
[Round "08"]
[TimeControl "180+2"]
[Date "2023.03.07"]
[WhiteClock "0:00:21"]
[BlackClock "0:01:27"]

1. d4 g6 2. h4 c5 3. d5 Nf6 4. Nc3 d6 5. e4 a6 6. a4 h5 7. Be2 Qa5 8. Bd2 Bh6 9. Nf3 Bxd2+ 10. Qxd2 Bg4 11. Ng5 Bxe2 12. Nxe2 Qxd2+ 13. Kxd2 Nbd7 14. a5 O-O 15. f3 Ne5 16. b3 c4 17. Nd4 Rac8 18. Ra4 Rc5 19. Rb4 cxb3 20. Nxb3 Rc7 21. Nd4 Nc4+ 22. Ke2 Nxa5 23. Ra1 Nc4 24. Rab1 Na5 25. Ra4 Rc5 26. Rb6 Rfc8 27. Kd1 R8c7 28. Rab4 Nd7 29. Nb3 Nxb3 30. Rxb3 Nxb6 31. Rxb6 Rxc2 0-1


[Site "https://www.chess.com"]

[Event "Titled Tuesday Blitz March 07 Late 2023"]
[White "Liu, Eric"]
[Black "Sarkar, Justin"]
[WhiteFideId "30960240"]
[BlackFideId "2010011"]
[WhiteElo "2094"]
[BlackElo "2189"]
[Result "1-0"]
[Round "08"]
[TimeControl "180+2"]
[Date "2023.03.07"]
[WhiteClock "0:01:16"]
[BlackClock "0:00:01"]

1. d4 Nf6 2. Nf3 d5 3. Bf4 Nh5 4. Bg5 h6 5. Bh4 g5 6. Bg3 Nxg3 7. hxg3 Bg7 8. e3 c5 9. c3 Qb6 10. Qb3 Nc6 11. Nbd2 Bf5 12. Be2 c4 13. Qxb6 axb6 14. O-O b5 15. a3 Bf6 16. Ne1 h5 17. f3 e5 18. e4 Be6 19. exd5 Bxd5 20. Ne4 Be7 21. dxe5 Bxe4 22. fxe4 Nxe5 23. Rf5 f6 24. Nf3 Bd6 25. Nd4 Ke7 26. Nxb5 Bc5+ 27. Kf1 Rac8 28. Nd4 Ng4 29. Bxg4 hxg4 30. Ke2 Rh2 31. Rg1 Bd6 32. Rd5 Bxg3 33. Nf5+ Ke6 34. Nxg3 1-0


[Site "https://www.chess.com"]

[Event "Titled Tuesday Blitz March 07 Late 2023"]
[White "Becerra, Juan David"]
[Black "Vargas Rodriguez, Wilver"]
[WhiteFideId "4404998"]
[BlackFideId "3509672"]
[WhiteElo "2282"]
[BlackElo "2238"]
[Result "1-0"]
[Round "08"]
[TimeControl "180+2"]
[Date "2023.03.07"]
[WhiteClock "0:01:09"]
[BlackClock "0:00:02"]

1. e4 c5 2. d4 cxd4 3. c3 Nf6 4. e5 Nd5 5. cxd4 Nc6 6. Nc3 Nb6 7. f4 d5 8. Nf3 Bg4 9. Be2 e6 10. O-O Be7 11. h3 Bxf3 12. Bxf3 Rc8 13. Kh1 Qd7 14. Ne2 Nb4 15. Bd2 Qa4 16. a3 Nc2 17. Rc1 O-O 18. Nc3 Rxc3 19. Bxc3 Ne3 20. Qxa4 Nxa4 21. Rfe1 Nf5 22. g4 Nh6 23. Bd1 Nb6 24. Bb3 g6 25. Bd2 Kg7 26. Rc7 Bh4 27. Rec1 Rb8 28. Bb4 Bf2 29. Bc5 Be3 30. Rf1 g5 31. f5 1-0


[Site "https://www.chess.com"]

[Event "Titled Tuesday Blitz March 07 Late 2023"]
[White "Kraus, Tomas"]
[Black "Ardila, Oscar Humberto"]
[WhiteFideId "331708"]
[BlackFideId "4404742"]
[WhiteElo "2389"]
[BlackElo "1911"]
[Result "0-1"]
[Round "08"]
[TimeControl "180+2"]
[Date "2023.03.07"]
[WhiteClock "0:00:01"]
[BlackClock "0:00:14"]

1. e4 e5 2. Nf3 Nf6 3. Nc3 Nc6 4. d4 exd4 5. Nxd4 Bb4 6. Nxc6 bxc6 7. Bd3 d5 8. exd5 cxd5 9. O-O O-O 10. Bg5 c6 11. Qf3 Bd6 12. Rae1 h6 13. Bxf6 Qxf6 14. Qxf6 gxf6 15. Ne2 Rb8 16. b3 Be5 17. f4 Bc7 18. Ng3 Bb6+ 19. Kh1 Bg4 20. h3 Bd7 21. Nh5 Bd4 22. Re7 Rbd8 23. Rf3 Kh8 24. c3 Bxc3 25. Rxd7 Rxd7 26. Bf5 Rd6 27. Rxc3 d4 28. Rd3 c5 29. Ng3 Re8 30. Be4 Ra6 31. a4 Rb6 32. Kg1 Reb8 33. Bd5 Re8 34. Ne4 Kg7 35. Nxc5 Re1+ 36. Kf2 Rc1 37. Bc4 Rd6 38. Ne4 Rd8 39. Nd2 f5 40. Nf3 Kf6 41. Rxd4 Rxd4 42. Nxd4 Rd1 43. Nb5 Rd2+ 44. Kf3 a6 45. Nc7 a5 46. Nb5 h5 47. Nc3 h4 48. Ne2 Rc2 49. Ke3 Rb2 50. Kd3 Ra2 51. Bd5 Rb2 52. Nc3 Rf2 53. Bf3 Ke6 54. Kc4 Kd6 55. Kb5 Rc2 56. Nd5 Rc5+ 57. Kb6 f6 58. Nxf6 Rc3 59. Kxa5 Rxb3 60. Ne8+ Kd7 61. Ng7 Kd6 62. Nxf5+ Kc5 63. Nxh4 Rb8 64. Nf5 Rf8 65. Ne3 Rf7 66. Ka6 Rxf4 67. a5 Rb4 68. Ka7 Rf4 69. a6 Rf7+ 70. Bb7 Kb5 0-1


[Site "https://www.chess.com"]

[Event "Titled Tuesday Blitz March 07 Late 2023"]
[White "Romkachess"]
[Black "Antonova, Nadezhda"]
[BlackFideId "14700182"]
[WhiteElo "2475"]
[BlackElo "1885"]
[Result "1-0"]
[Round "08"]
[TimeControl "180+2"]
[Date "2023.03.07"]
[WhiteClock "0:00:08"]
[BlackClock "0:00:02"]

1. e4 c6 2. d4 d5 3. Nc3 dxe4 4. Nxe4 Bf5 5. Ng3 Bg6 6. Bc4 e6 7. h4 h6 8. N1e2 Nf6 9. Nf4 Bh7 10. c3 Bd6 11. Ngh5 Nxh5 12. Nxh5 O-O 13. Qg4 Bg6 14. Nf4 Bxf4 15. Bxf4 Qf6 16. h5 Bf5 17. Qg3 Nd7 18. O-O Rfe8 19. Rfe1 Rad8 20. Rad1 Nb6 21. Bb3 Nd5 22. Be5 Qg5 23. Qxg5 hxg5 24. f3 g4 25. Kf2 f6 26. Bg3 Kf7 27. a3 Rh8 28. c4 Nb6 29. a4 Rxh5 30. a5 Nd7 31. d5 Nc5 32. dxe6+ Bxe6 33. Rxd8 Nxb3 34. Rd6 Bxc4 35. Rd7+ Kg6 36. Ree7 Rh7 37. Rxb7 a6 38. Rb4 Bd5 39. Rxg4+ Kf5 40. Rgxg7 Rxg7 41. Rxg7 Nxa5 42. Bc7 Nc4 43. g4+ Ke6 44. Bf4 Nxb2 45. Ra7 Bc4 46. Be3 Bb5 47. Bd4 Nd3+ 48. Ke3 c5 49. Bc3 Nc1 50. Rb7 Nb3 51. Rb6+ Kd5 52. Bxf6 a5 53. g5 Kc4 54. g6 a4 55. g7 a3 56. g8=Q+ 1-0


[Site "https://www.chess.com"]

[Event "Titled Tuesday Blitz March 07 Late 2023"]
[White "Prieto Aranguren, Alain"]
[Black "Grycel, Kamil"]
[WhiteFideId "2268906"]
[BlackFideId "1115499"]
[WhiteElo "2209"]
[BlackElo "2473"]
[Result "1-0"]
[Round "08"]
[TimeControl "180+2"]
[Date "2023.03.07"]
[WhiteClock "0:00:06"]
[BlackClock "0:00:01"]

1. e4 b6 2. a4 a5 3. Na3 Bb7 4. e5 e6 5. d4 d6 6. Nf3 Nd7 7. Nc4 d5 8. Ne3 Ne7 9. c3 Ng6 10. Bb5 c6 11. Bd3 Be7 12. g3 Ba6 13. Bc2 f6 14. h4 O-O 15. h5 Nh8 16. exf6 Bxf6 17. Bb1 e5 18. dxe5 Nxe5 19. Nxe5 Bxe5 20. Qc2 h6 21. Qh7+ Kf7 22. Nf5 Qf6 23. Kd1 Bc8 24. f4 Bc7 25. Re1 Bd6 26. Nxd6+ Qxd6 27. Bd3 Ra7 28. Kc2 c5 29. Bb5 Bd7 30. Bd2 Bxb5 31. axb5 Re7 32. Rxe7+ Qxe7 33. Re1 Qf6 34. g4 d4 35. g5 hxg5 36. fxg5 d3+ 37. Kc1 Qf2 38. g6+ Kf6 39. h6 Nxg6 40. Qxg7+ Kf5 41. h7 Qf3 42. Qd7+ 1-0


[Site "https://www.chess.com"]

[Event "Titled Tuesday Blitz March 07 Late 2023"]
[White "Estrada Nieto, Julian"]
[Black "Schut, Han"]
[WhiteFideId "5101018"]
[BlackFideId "1005561"]
[WhiteElo "2176"]
[BlackElo "2024"]
[Result "1/2-1/2"]
[Round "08"]
[TimeControl "180+2"]
[Date "2023.03.07"]
[WhiteClock "0:00:11"]
[BlackClock "0:00:08"]

1. e4 c5 2. Nf3 d6 3. d4 cxd4 4. Qxd4 Nc6 5. Bb5 Bd7 6. Bxc6 Bxc6 7. Nc3 Nf6 8. Bg5 e6 9. O-O-O Be7 10. Rhe1 O-O 11. Kb1 b5 12. Bxf6 Bxf6 13. Qxd6 Qxd6 14. Rxd6 Bxc3 15. bxc3 Rfc8 16. Nd4 Be8 17. Kb2 a6 18. e5 Kf8 19. Re3 Ke7 20. f4 Rc4 21. Rb6 Rc5 22. f5 exf5 23. Nxf5+ Kf8 24. Nd6 Bd7 25. Rb7 Be6 26. Nxf7 Bd5 27. Rd7 Be6 28. Rd8+ Rxd8 29. Nxd8 Bd5 30. e6 Ke7 31. Nf7 Bxe6 32. Ne5 Kf6 33. Nd3 Rc6 34. Nb4 Rd6 35. Rd3 Rb6 36. Nd5+ Bxd5 37. Rxd5 Rc6 38. Rd4 Ke5 39. a4 Rh6 40. axb5 axb5 41. h3 Rg6 42. g4 Rh6 43. Rd3 Rc6 44. Rf3 Ke4 45. Rf5 Rh6 46. Rxb5 Rxh3 47. c4 Kd4 48. c5 Kd5 49. Rb7 g5 50. Rg7 h6 51. Rc7 Rg3 52. Rh7 Rxg4 53. Rxh6 Kxc5 54. Rg6 Rg2 55. Kb3 Rg3+ 56. c3 g4 57. Rg8 Rg1 58. Rc8+ Kd5 59. Rd8+ Kc5 60. Rg8 g3 61. Rg5+ Kc6 62. Kc4 g2 63. Rg6+ Kd7 64. Kc5 Ke7 65. c4 Kf7 66. Rg3 Kf6 67. Kc6 Kf5 68. c5 Kf4 69. Rg8 Kf3 70. Kc7 Rc1 71. Rf8+ Ke2 72. Re8+ Kf1 73. Rf8+ Ke2 74. Re8+ Kf1 75. Rf8+ Ke2 1/2-1/2


[Site "https://www.chess.com"]

[Event "Titled Tuesday Blitz March 07 Late 2023"]
[White "Smith, Garrett L"]
[Black "Pasti, Aron"]
[WhiteFideId "2024829"]
[BlackFideId "785857"]
[WhiteElo "2253"]
[BlackElo "2173"]
[Result "1-0"]
[Round "08"]
[TimeControl "180+2"]
[Date "2023.03.07"]
[WhiteClock "0:02:03"]
[BlackClock "0:02:45"]

1. e4 e5 2. Nf3 Nc6 3. Bc4 Bc5 4. b4 Bxb4 5. c3 Ba5 6. d4 exd4 7. O-O Nge7 8. cxd4 d6 9. Qb3 O-O 10. Ng5 d5 11. exd5 Nxd4 12. Qd3 Bb6 13. Qxh7# 1-0


[Site "https://www.chess.com"]

[Event "Titled Tuesday Blitz March 07 Late 2023"]
[White "Ferriz Barrios, Andres"]
[Black "Kielinkei"]
[WhiteFideId "5104467"]
[WhiteElo "2249"]
[BlackElo "2385"]
[Result "0-1"]
[Round "08"]
[TimeControl "180+2"]
[Date "2023.03.07"]
[WhiteClock "0:01:00"]
[BlackClock "0:00:23"]

1. d4 Nf6 2. Nf3 b6 3. Nbd2 Bb7 4. e3 c5 5. c3 e6 6. Bd3 Be7 7. O-O O-O 8. Re1 d5 9. Qe2 Nc6 10. dxc5 bxc5 11. e4 Qc7 12. e5 Nd7 13. Nf1 Rae8 14. Bb1 f6 15. exf6 Bxf6 16. Qc2 g6 17. Ng3 e5 18. Bh6 Rf7 19. Ng5 Bxg5 20. Bxg5 e4 21. a3 Nce5 22. Ba2 Nd3 23. Re2 c4 24. b3 N7e5 25. Be3 Ng4 26. Bd4 Ref8 27. Rf1 Ba6 28. bxc4 Bxc4 29. Bxc4 Qxc4 30. h3 Nge5 31. Qa2 Qxa2 32. Rxa2 Nc4 33. Re2 Rb7 34. f3 exf3 35. gxf3 Nf4 36. Rh2 Nxa3 37. Ra1 Nc4 38. Rxa7 Rxa7 39. Bxa7 Ra8 40. Bd4 Ra1+ 41. Nf1 Nxh3+ 42. Rxh3 Nd2 43. Kg2 Rxf1 44. Be3 Rd1 45. Rh1 Rxh1 46. Kxh1 Nxf3 47. Bf4 Kf7 48. Kg2 Ne1+ 49. Kf1 Nd3 50. Be3 Ke6 51. Ke2 Ne5 52. Kd2 Kf5 53. Ba7 Ke4 54. Ke2 h5 55. Bb8 h4 56. Kf2 g5 57. Kg2 g4 58. Kh2 Nf3+ 59. Kg2 Kd3 60. Bd6 Kxc3 61. Bf8 d4 62. Bg7 Kc2 63. Bh6 d3 64. Kh1 d2 65. Bxd2 Kxd2 66. Kg2 Ke3 67. Kh1 Kf4 68. Kg2 Kg5 69. Kh1 Kg6 70. Kg2 Kg7 71. Kh1 Kg8 72. Kg2 Kf8 73. Kh1 Ke8 74. Kg2 Kd8 75. Kh1 Kc8 76. Kg2 Kb8 77. Kh1 Kc7 78. Kg2 Kd7 79. Kh1 Kd6 80. Kg2 Ke5 81. Kh1 Kf4 82. Kg2 h3+ 83. Kh1 Nh4 84. Kg1 g3 85. Kh1 g2+ 86. Kg1 Nf3+ 87. Kf2 g1=Q+ 88. Ke2 Qe3+ 89. Kd1 Qd2# 0-1


[Site "https://www.chess.com"]

[Event "Titled Tuesday Blitz March 07 Late 2023"]
[White "olga-belka"]
[Black "Senft, Sean"]
[BlackFideId "2044960"]
[WhiteElo "2230"]
[BlackElo "1989"]
[Result "1-0"]
[Round "08"]
[TimeControl "180+2"]
[Date "2023.03.07"]
[WhiteClock "0:01:05"]
[BlackClock "0:00:15"]

1. e4 e5 2. Nf3 Nc6 3. d4 exd4 4. Nxd4 d6 5. Bb5 Bd7 6. Nc3 Nf6 7. Bxc6 bxc6 8. Qf3 c5 9. Nf5 g6 10. Ne3 Bg7 11. O-O O-O 12. Rd1 Re8 13. h3 Qe7 14. Ned5 Nxd5 15. Nxd5 Qxe4 16. Nxc7 Qxc2 17. Nxa8 Rc8 18. Rxd6 Bf5 19. Nc7 Be5 20. Rd2 Qa4 21. Nd5 Be4 22. Nf6+ Bxf6 23. Qxf6 Re8 24. Rd8 Rxd8 25. Qxd8+ Kg7 26. Bg5 1-0


[Site "https://www.chess.com"]

[Event "Titled Tuesday Blitz March 07 Late 2023"]
[White "Carrasco Miranda, Andres"]
[Black "Kohler, Aran"]
[WhiteFideId "3405990"]
[BlackFideId "1002856"]
[WhiteElo "2183"]
[BlackElo "2228"]
[Result "0-1"]
[Round "08"]
[TimeControl "180+2"]
[Date "2023.03.07"]
[WhiteClock "0:00:11"]
[BlackClock "0:00:15"]

1. d4 Nf6 2. c4 c6 3. Nf3 d5 4. e3 e6 5. b3 Nbd7 6. Bd3 Bb4+ 7. Nbd2 O-O 8. O-O e5 9. dxe5 Bc3 10. exf6 Bxa1 11. fxg7 Bxg7 12. cxd5 Nb6 13. d6 Qxd6 14. Ne4 Qh6 15. Ba3 Re8 16. Qc2 Bf5 17. Nf6+ Bxf6 18. Bxf5 Nd5 19. Nd2 Kh8 20. Ne4 Be5 21. Ng3 Rad8 22. Qe2 f6 23. Bc2 Rd7 24. Qf3 Rg7 25. Rd1 Reg8 26. Bc5 b6 27. Bd4 Bxd4 28. Rxd4 Nc3 29. Rf4 Rf7 30. Qxc6 Rxg3 31. Qxc3 Qxf4 32. Qc8+ Rg8 33. Qxg8+ Kxg8 34. exf4 Kg7 35. g4 Rd7 36. g5 Rd2 37. Be4 fxg5 38. fxg5 Rxa2 39. h4 Rb2 40. Bd5 a5 41. h5 b5 42. Kg2 a4 43. bxa4 bxa4 44. Kg3 a3 45. h6+ Kf8 46. g6 hxg6 47. Kg4 a2 48. Bxa2 Rxa2 49. Kg5 Rxf2 50. Kxg6 Rg2+ 51. Kh7 Kf7 52. Kh8 Ra2 53. Kh7 Ra7 54. Kh8 Kg6 55. h7 Ra8# 0-1


[Site "https://www.chess.com"]

[Event "Titled Tuesday Blitz March 07 Late 2023"]
[White "Hartikainen, Jarmo"]
[Black "Needleman, Alejandro"]
[WhiteFideId "503134"]
[BlackFideId "100730"]
[WhiteElo "2196"]
[BlackElo "2230"]
[Result "0-1"]
[Round "08"]
[TimeControl "180+2"]
[Date "2023.03.07"]
[WhiteClock "0:00:07"]
[BlackClock "0:01:54"]

1. e4 c5 2. c3 e6 3. d4 d5 4. exd5 exd5 5. Nf3 Nc6 6. Bd3 Nf6 7. h3 Be7 8. O-O O-O 9. Be3 c4 10. Bc2 Be6 11. b3 b5 12. a4 a6 13. axb5 axb5 14. Rxa8 Qxa8 15. bxc4 bxc4 16. Nbd2 Qa5 17. Qa1 Ra8 18. Qxa5 Rxa5 19. Ne5 Nxe5 20. dxe5 Nd7 21. Bd4 Bc5 22. Nf3 Bxd4 23. cxd4 h6 24. Rc1 g6 25. Kf1 Ra3 26. Ke2 Kg7 27. Rb1 Ra2 28. Kd2 Bf5 29. Ne1 Nf8 30. Kc3 Ne6 31. Rb5 Bxc2 32. Nxc2 Rxc2+ 33. Kb4 Rb2+ 34. Ka5 Rxb5+ 35. Kxb5 c3 0-1


[Site "https://www.chess.com"]

[Event "Titled Tuesday Blitz March 07 Late 2023"]
[White "Kujawski, Adam"]
[Black "Stead, Kerry"]
[WhiteFideId "1100920"]
[BlackFideId "3202577"]
[WhiteElo "2054"]
[BlackElo "1997"]
[Result "1-0"]
[Round "08"]
[TimeControl "180+2"]
[Date "2023.03.07"]
[WhiteClock "0:00:21"]
[BlackClock "0:01:42"]

1. e4 c6 2. d4 d5 3. f3 dxe4 4. fxe4 e5 5. Nf3 exd4 6. Bc4 Bc5 7. Ng5 Nh6 8. O-O O-O 9. Nxf7 Nxf7 10. Rxf7 Rxf7 11. Bxf7+ Kxf7 12. Qh5+ Kg8 13. Qxc5 Be6 14. Bg5 Qd7 15. Nd2 b6 16. Qe5 c5 17. Rf1 Nc6 18. Qf4 Qf7 19. Qd6 Qd7 20. Qf4 Qf7 21. Qg3 Qg6 22. Qd6 Nb4 23. Nf3 Re8 24. Ne5 Qxg5 25. Rf8+ Rxf8 26. Qxe6+ Kh8 27. Nf7+ Kg8 28. Nh6+ Kh8 29. Qg8+ Rxg8 30. Nf7# 1-0


[Site "https://www.chess.com"]

[Event "Titled Tuesday Blitz March 07 Late 2023"]
[White "Von Buelow, Georg"]
[Black "Quinones Garcia, Santiago"]
[WhiteFideId "4620658"]
[BlackFideId "4408497"]
[WhiteElo "2117"]
[BlackElo "2263"]
[Result "0-1"]
[Round "08"]
[TimeControl "180+2"]
[Date "2023.03.07"]
[WhiteClock "0:02:30"]
[BlackClock "0:02:44"]

1. e4 e5 2. Nf3 Nc6 3. Nc3 Nf6 4. d4 exd4 5. Nxd4 Bb4 6. Nxc6 bxc6 7. Bd3 d5 8. exd5 cxd5 9. O-O O-O 10. Bg5 c6 11. Qf3 Be7 12. h4 h6 13. Bf4 Be6 14. Ne2 Qd7 15. Nd4 Bg4 16. Qe3 c5 0-1


[Site "https://www.chess.com"]

[Event "Titled Tuesday Blitz March 07 Late 2023"]
[White "Marcolino, Daniel Mattos"]
[Black "Vifleemskaia, Svetlana"]
[WhiteFideId "2106841"]
[BlackFideId "4129490"]
[WhiteElo "2112"]
[BlackElo "1930"]
[Result "1-0"]
[Round "08"]
[TimeControl "180+2"]
[Date "2023.03.07"]
[WhiteClock "0:00:07"]
[BlackClock "0:00:25"]

1. d4 Nf6 2. Nf3 d5 3. c4 dxc4 4. e3 a6 5. a4 e6 6. Bxc4 b6 7. O-O Bb7 8. Nc3 Be7 9. Qe2 O-O 10. Rd1 Bb4 11. Ne5 Nbd7 12. Nd3 Bd6 13. e4 Bb4 14. Nxb4 Qe7 15. Nc2 e5 16. Bg5 h6 17. Bxf6 Nxf6 18. Nd5 Bxd5 19. Bxd5 Rad8 20. Bc4 exd4 21. Rxd4 Rxd4 22. Nxd4 Re8 23. Bxa6 Qb4 24. Nc6 Qc5 25. Bb5 Rxe4 26. Qf3 Qb4 27. Qc3 Qd6 28. h3 Qf4 29. Rc1 Nd5 30. Qc2 Nf6 31. Rd1 g6 32. Rd8+ Kg7 33. Rd1 g5 34. Qd2 Qh4 35. Nd4 g4 36. Nf5+ 1-0


[Site "https://www.chess.com"]

[Event "Titled Tuesday Blitz March 07 Late 2023"]
[White "Souza, Gustavo Horokoski De"]
[Black "Paspuel, Trosky"]
[WhiteFideId "2146584"]
[BlackFideId "3602150"]
[WhiteElo "1859"]
[BlackElo "2325"]
[Result "0-1"]
[Round "08"]
[TimeControl "180+2"]
[Date "2023.03.07"]
[WhiteClock "0:00:56"]
[BlackClock "0:01:29"]

1. d4 Nf6 2. c4 e6 3. Nc3 Bb4 4. e3 O-O 5. Ne2 c6 6. a3 Ba5 7. b4 Bc7 8. Ng3 d5 9. Bb2 Nbd7 10. Rc1 e5 11. cxd5 cxd5 12. Bd3 e4 13. Bb1 Re8 14. O-O Nf8 15. Ba2 Be6 16. f3 Bxg3 17. hxg3 exf3 18. Qxf3 Ng6 19. Rce1 Ne4 20. Ne2 Nd2 21. Qf2 Nxf1 22. Rxf1 Rc8 23. Nf4 Nxf4 24. gxf4 Bf5 25. a4 Rc2 0-1


[Site "https://www.chess.com"]

[Event "Titled Tuesday Blitz March 07 Late 2023"]
[White "Vargas, Mauricio"]
[Black "Delgado Rosas, Fatima Alexandra"]
[WhiteFideId "4404572"]
[BlackFideId "6603963"]
[WhiteElo "2025"]
[BlackElo "2317"]
[Result "0-1"]
[Round "08"]
[TimeControl "180+2"]
[Date "2023.03.07"]
[WhiteClock "0:00:09"]
[BlackClock "0:01:29"]

1. e4 Nc6 2. f4 d5 3. e5 Bf5 4. Nf3 e6 5. d3 Bc5 6. Ng5 h6 7. Nf3 Nge7 8. h3 h5 9. d4 Bb6 10. c3 Qd7 11. b4 a6 12. a4 a5 13. b5 Na7 14. g3 Bxb1 15. Rxb1 Nf5 16. Kf2 h4 17. g4 Ng3 18. Rg1 Nc8 19. Bd2 Ne4+ 20. Kg2 f5 21. g5 g6 22. Rc1 Ba7 23. Be3 Nb6 24. Bd3 Qe7 25. Qe2 Kf7 26. c4 c6 27. c5 Nxa4 28. b6 Bb8 29. Qa2 Nac3 30. Qb3 a4 31. Qc2 Nb5 32. Qe2 Qd7 33. Ra1 a3 34. Rgb1 Ra5 35. Nd2 Nbc3 36. Qf1 Nxb1 37. Nxb1 a2 38. Nd2 Nxd2 39. Bxd2 Ra3 40. Bc1 Ra8 41. Qe2 Bc7 42. bxc7 Qxc7 43. Rxa2 Rhb8 44. Bd2 Rxa2 45. Kf3 Rba8 46. Qf2 R8a3 47. Ke3 Rxd2 48. Kxd2 Qa5+ 49. Ke3 Qc3 50. Qe2 Ra4 51. Kf3 Qxd4 52. Qd2 Ra3 53. Ke2 Rb3 0-1


[Site "https://www.chess.com"]

[Event "Titled Tuesday Blitz March 07 Late 2023"]
[White "Leonte, Sebastian-Marian"]
[Black "Munoz Misselis, Nelson Carlos"]
[WhiteFideId "1268767"]
[BlackFideId "6601790"]
[WhiteElo "2284"]
[BlackElo "1749"]
[Result "1-0"]
[Round "08"]
[TimeControl "180+2"]
[Date "2023.03.07"]
[WhiteClock "0:01:07"]
[BlackClock "0:00:54"]

1. e4 d6 2. d4 Nf6 3. Nc3 Nbd7 4. Nf3 e5 5. Bc4 Be7 6. O-O O-O 7. Bb3 c6 8. a4 a5 9. dxe5 dxe5 10. h3 Qc7 11. Be3 h6 12. Qe2 Re8 13. Bc4 Nf8 14. Rfd1 Be6 15. Nd2 Rad8 16. Bxe6 Nxe6 17. Nc4 Rxd1+ 18. Rxd1 Bb4 19. Bb6 Qb8 20. Nb1 Nd4 21. Qd3 Qc8 22. c3 Ne6 23. cxb4 axb4 24. Nd6 1-0


[Site "https://www.chess.com"]

[Event "Titled Tuesday Blitz March 07 Late 2023"]
[White "Skaric, Djuro"]
[Black "tandercat"]
[WhiteFideId "934569"]
[WhiteElo "2282"]
[BlackElo "1920"]
[Result "0-1"]
[Round "08"]
[TimeControl "180+2"]
[Date "2023.03.07"]
[WhiteClock "0:01:44"]
[BlackClock "0:00:01"]

1. g3 c5 2. Bg2 g6 3. d3 Bg7 4. Nc3 Nc6 5. e4 d6 6. f4 Nf6 7. Nf3 O-O 8. O-O Bg4 9. h3 Bxf3 10. Qxf3 Nd4 11. Qf2 e6 12. g4 Nd7 13. g5 b5 14. h4 b4 15. Nd1 f5 16. Kh1 Nb6 17. exf5 Nxf5 18. Bxa8 Qxa8+ 19. Kh2 Nd5 20. Kh3 Nd4 21. Re1 e5 22. c3 Qc8+ 23. Kh2 Nf5 24. c4 Nxf4 25. Bxf4 exf4 26. Nc3 bxc3 27. b3 Be5 28. Qf3 Nxh4 29. Qd5+ Kg7 30. Rxe5 dxe5 31. Qxe5+ Kg8 32. Qd5+ Rf7 33. Re1 Nf5 34. Re6 Ne3 35. Qe5 Ng4+ 36. Kg2 Nxe5 37. Rxe5 Qg4+ 0-1


[Site "https://www.chess.com"]

[Event "Titled Tuesday Blitz March 07 Late 2023"]
[White "Floresvillar Gonzalez, Luis Migu"]
[Black "Jesusesmifuerza"]
[WhiteFideId "5100542"]
[WhiteElo "2040"]
[BlackElo "2057"]
[Result "0-1"]
[Round "08"]
[TimeControl "180+2"]
[Date "2023.03.07"]
[WhiteClock "0:00:10"]
[BlackClock "0:00:48"]

1. d4 d5 2. c3 Nf6 3. Bf4 e6 4. Nd2 Bd6 5. Bxd6 Qxd6 6. Ngf3 c5 7. e3 Nc6 8. Bd3 e5 9. dxe5 Nxe5 10. Nxe5 Qxe5 11. O-O O-O 12. h3 Rd8 13. Qe2 a6 14. a4 Bd7 15. Rfe1 Bc6 16. a5 Re8 17. Rad1 Rad8 18. Qf1 Ne4 19. Nxe4 dxe4 20. Bc4 Qc7 21. b4 cxb4 22. cxb4 Rd7 23. Rxd7 Qxd7 24. Rd1 Qe7 25. Qe1 Rd8 26. Rxd8+ Qxd8 27. Qc3 Qd7 28. Qd4 Qxd4 29. exd4 Kf8 30. Kf1 Ke7 31. Ke2 f6 32. Ke3 g5 33. g3 Kd6 34. h4 h6 35. hxg5 fxg5 36. Bf7 Ke7 37. Bg6 Kd6 38. Bxe4 Bxe4 39. Kxe4 Ke6 40. d5+ Kd6 41. Kd4 h5 42. Ke4 h4 43. gxh4 gxh4 44. f4 h3 45. Kf3 Kxd5 46. Kg3 Ke4 47. f5 Kxf5 48. Kxh3 Ke4 49. Kg4 Kd4 50. Kf3 Kc4 51. Ke2 Kxb4 52. Kd2 Kxa5 53. Kc3 Kb5 54. Kb3 b6 55. Kc3 Ka4 56. Kb2 Kb4 57. Ka2 Kc3 58. Ka3 b5 59. Ka2 b4 60. Kb1 b3 61. Ka1 b2+ 62. Kb1 a5 63. Ka2 Kc2 64. Ka3 b1=Q 0-1


[Site "https://www.chess.com"]

[Event "Titled Tuesday Blitz March 07 Late 2023"]
[White "Gamage, Wanshini Vidusama"]
[Black "Howell, David W L"]
[WhiteFideId "9953752"]
[BlackFideId "410608"]
[WhiteElo "2182"]
[BlackElo "2567"]
[Result "0-1"]
[Round "08"]
[TimeControl "180+2"]
[Date "2023.03.07"]
[WhiteClock "0:00:02"]
[BlackClock "0:00:26"]

1. e4 c5 2. Nf3 Nc6 3. Bb5 e6 4. Bxc6 bxc6 5. O-O Ne7 6. d3 d6 7. e5 Ng6 8. Bg5 Qb6 9. exd6 f6 10. Bc1 Bxd6 11. Nbd2 O-O 12. Nc4 Qc7 13. Nxd6 Qxd6 14. h4 e5 15. h5 Ne7 16. h6 g5 17. Nd2 Qd5 18. Ne4 c4 19. Qh5 Bf5 20. Nc3 Qf7 21. Qxf7+ Kxf7 22. dxc4 Bxc2 23. Be3 Rfd8 24. b3 Nf5 25. Bc5 Nxh6 26. Rac1 Bd3 27. Rfd1 Ke6 28. Rd2 Bg6 29. Rcd1 Rxd2 30. Rxd2 Nf7 31. f3 h5 32. Kf2 f5 33. Na4 f4 34. Bb4 Bf5 35. Nc5+ Kf6 36. Nd7+ Kg6 37. Nc5 g4 38. Ne4 Bxe4 39. fxe4 Rd8 40. Rxd8 Nxd8 41. Bc5 a6 42. g3 Ne6 43. Bb6 Ng5 44. gxf4 exf4 45. e5 Kf5 46. b4 Ne4+ 0-1


[Site "https://www.chess.com"]

[Event "Titled Tuesday Blitz March 07 Late 2023"]
[White "Dorato, Adriano"]
[Black "Bongo Akanga Ndjila, Barthelemy"]
[WhiteFideId "2802894"]
[BlackFideId "10609431"]
[WhiteElo "1709"]
[BlackElo "1768"]
[Result "0-1"]
[Round "08"]
[TimeControl "180+2"]
[Date "2023.03.07"]
[WhiteClock "0:00:04"]
[BlackClock "0:00:18"]

1. d4 d5 2. Nf3 e6 3. e3 Nf6 4. Bd3 c5 5. O-O Nc6 6. c3 Bd6 7. dxc5 Bxc5 8. b4 Bd6 9. Nbd2 O-O 10. Bb2 a6 11. Qe2 Re8 12. e4 e5 13. Rfe1 Nh5 14. exd5 Nf4 15. Qf1 Nxd3 16. Qxd3 Na7 17. Ne4 f5 18. Nxd6 Qxd6 19. c4 e4 20. Qc3 Qh6 21. Nd4 Bd7 22. Re3 f4 23. Rh3 Qg6 24. Rh4 f3 25. g3 Rf8 26. Re1 Rae8 27. Nc2 b5 28. Ne3 bxc4 29. Qxc4 Bb5 30. Qb3 Be2 31. d6+ Kh8 32. Rg4 Qf7 33. Bxg7+ Qxg7 34. Rxg7 Kxg7 35. d7 Rd8 36. Qc3+ Kf7 37. Qc7 Nb5 38. Qf4+ Ke7 39. Qxe4+ Kxd7 40. Nc4 Rfe8 41. Nb6+ Kc7 42. Qf4+ Kxb6 43. Rc1 Nd4 44. Qh6+ Re6 45. Qxh7 Bb5 46. Rd1 Ne2+ 47. Kf1 Rxd1# 0-1


[Site "https://www.chess.com"]